 Dungeon Crawl Stone Soup version 0.30-a0-49-g1cef19eb02 (webtiles) character file.

Game seed: 14809476983488719687

50 MrFrogsmire the Trooper (level 3, -5/33 HPs)
             Began as a Draconian Berserker on Sept 2, 2022.
             Was a Follower of Wu Jian.
             Killed from afar by Sigmund (14 damage)
             ... with a bolt of light
             ... on level 2 of the Dungeon.
             The game lasted 00:04:02 (560 turns).

MrFrogsmire the Trooper (Draconian Berserker)        Turns: 560, Time: 00:04:03

Health: -5/33      AC:  6    Str: 21    XL:     3   Next: 55%
Magic:  3/3        EV: 12    Int:  7    God:    Wu Jian [*.....]
Gold:   57         SH:  0    Dex: 10    Spells: 2/2 levels left

rFire   . . .      SeeInvis .    a - +0 hand axe
rCold   . . .      Faith    .    c - +0 buckler
rNeg    . . .      Spirit   .    (body armour unavailable)
rPois   .          Reflect  .    (helmet restricted)
rElec   .          Harm     .    (no cloak)
rCorr   .          Rampage  .    (no gloves)
Will    .....                    e - +0 pair of boots
Stlth   +.........               (no amulet)
HPRegen 0.11/turn                (no ring)
MPRegen 0.08/turn                (no ring)

@: confused
A: AC +5, unfitting armour, cold-blooded
a: Renounce Religion


You were on level 2 of the Dungeon.
You worshipped Wu Jian.
Wu Jian was aware of your devotion.
You visited 1 branch of the dungeon, and saw 2 of its levels.

You collected 57 gold pieces.

Inventory:

Hand Weapons
 a - a +0 hand axe (weapon)
Armour
 c - a +0 buckler (worn)
 e - a +0 pair of boots (worn)
Scrolls
 d - a scroll of identify {unknown}
Potions
 b - a potion of resistance {unknown}


   Skills:
 + Level 3.8 Fighting
 + Level 3.8 Axes
 + Level 3.1 Dodging
 + Level 0.1 Stealth
 + Level 0.3 Shields


You had 2 spell levels left.
You didn't know any spells.
Your spell library was empty.

Dungeon Overview and Level Annotations

Branches:
Dungeon (2/15)

Altars:
Wu Jian

Annotations:
D:2 Sigmund


Innate Abilities, Weirdness & Mutations

Your plain brown scales are hard. (AC +5)
You cannot fit into any form of body armour.
You are cold-blooded and may be slowed by cold attacks.


Message History

Moving in this stuff is going to be slow.
Sorry, I don't know how to traverse that place.
A bat comes into view.
Sigmund the Dreaded comes into view.
He is wielding a +3 vorpal scythe and carrying a wand of light (8).
Sigmund shouts!
Sigmund drinks a potion.
Sigmund flickers and vanishes!
Deactivating autopickup; reactivate with Ctrl-A.
Found a book of Spectacle.
Found an escape hatch in the ceiling.
You lunge at the bat.
You slash the bat!
You kill the bat!
The Council accepts your kill.
A ball python comes into view.
A kobold comes into view. It is wielding a +0 dagger.
Found a quarterstaff.
The kobold shouts!
The kobold moves out of view.
You see here a bat corpse.
You hear a zap.
A bolt of light appears from out of thin air!
The bolt of light misses you.
You hear a zap.
A bolt of light appears from out of thin air!
The bolt of light misses you.
You lunge at the kobold.
You hit the kobold but do no damage. Something hits you!
The kobold barely misses you.
You see here a +0 quarterstaff.
You hit the kobold.
You kill the kobold!
The Council accepts your kill. Something hits you.
* * * LOW HITPOINT WARNING * * *
Found a smoky ruby potion and 11 gold pieces.
You hear some strange, mumbled words.
You are confused.
You see here a +0 dagger.
You bump into the rock wall.
You hear a zap.
A bolt of light appears from out of thin air!
The bolt of light hits you!
You die...

..........#..
#........##.## .
#........# ..#
#..###........###.#####
#.......†.............#
.####{.#.##..........#
#..<.#.##.##...[...##
#.##)#.##...##....... #
#@#.####. #.#.....
#.#.# #.##....... ....#
#.###...... .....# ..
#...... ....... ##
#.....† .........
#..†... ........... .
##..... .....$!......
..#...... #.........


There were no monsters in sight!

Vanquished Creatures
  2 adders (D:2)
  2 worms (D:2)
  An endoplasm (D:1)
  A giant cockroach (D:1)
  4 goblins
  3 hobgoblins
  2 ball pythons (D:1)
  4 bats
  4 kobolds
  2 rats (D:1)
25 creatures vanquished.

Notes
Turn   | Place    | Note
-------+----------+-------------------------------------------
     0 | D:1      | MrFrogsmire the Draconian Berserker began the quest for the
                  | Orb.
     0 | D:1      | Reached XP level 1. HP: 19/19 MP: 1/1
   138 | D:1      | Reached XP level 2. HP: 23/26 MP: 2/2
   377 | D:2      | Reached XP level 3. HP: 13/33 MP: 3/3
   477 | D:2      | Found a faded altar of an unknown god.
   490 | D:2      | Reached ** piety under Trog
   509 | D:2      | Prayed at the altar of an unknown god.
   509 | D:2      | Fell from the grace of Trog
   509 | D:2      | Became a worshipper of the Wu Jian Council
   509 | D:2      | Reached * piety under Wu Jian
   552 | D:2      | Noticed Sigmund
   560 | D:2      | Killed from afar by Sigmund

Illustrated notes

Levels and vault maps discovered:
D:1:      wander_arrival_lonely_grave, layout_basic, minmay_fountain_box
D:2:      layout_rooms, basic_altar, chequers_ecumenical_altar_island,
          uniq_sigmund

Skill      XL: |  1  2 |
---------------+-------+-----
Dodging        | 3 |  3.1
Fighting       | |  3.8
Axes           | |  3.8
Stealth        | |  0.1
Shields        | |  0.3

Action                   || total
-------------------------++-------
Melee: Hand axe          ||    88
       Tailslap          ||     5
       Punch             ||     1
Invok: Lunge             ||     2
Armor: Skin              ||    43
Dodge: Dodged            ||    78
Block: Buckler           ||    14

Table legend: (Time is in decaauts)
 A = Elapsed time spent in this place.
 B = Non-inter-level travel time spent in this place.
 C = Inter-level travel time spent in this place.
 D = Time resting spent in this place.
 E = Time spent auto-exploring this place.
 F = Levels seen in this place.
 G = Mean time per level.
                   A        B        C        D        E       F      G
               +--------+--------+--------+--------+--------+-----+--------+
         Total |    586 |    249 |    337 |      0 |      0 |   2 |  293.0 |
       Dungeon |    586 |    249 |    337 |      0 |      0 |   2 |  293.0 |
               +--------+--------+--------+--------+--------+-----+--------+

Top non-repeatable levels by time:
     D:1: 371 daAuts
     D:2: 214 daAuts
